 Dungeon Crawl Stone Soup version 0.19.1 (webtiles) character file.

374 Gargoyl the Skirmisher (level 6, -1/53 HPs)
             Began as a Ghoul Abyssal Knight on Dec 16, 2016.
             Was a Believer of Lugonu.
             Slain by Prince Ribbit (10 damage)
             ... on level 4 of the Dungeon.
             The game lasted 00:08:16 (3395 turns).

Gargoyl the Skirmisher (Ghoul Abyssal Knight)       Turns: 3395, Time: 00:08:16

Health: -1/53      AC: 15    Str: 16    XL:     6   Next: 72%
Magic:  7/7        EV:  9    Int:  7    God:    Lugonu [**....]
Gold:   272        SH:  3    Dex: 15    Spells: 0 memorised, 5 levels left

rFire  . . .     SeeInvis .     f - +0 flail (protect)
rCold  + . .     Gourm    .     d - +1 plate armour
rNeg   + + +     Faith    .     o - +0 buckler
rPois  ∞         Spirit   .     (no helmet)
rElec  .         Reflect  .     (no cloak)
rCorr  .         Harm     .     r - +2 pair of gloves
MR     .....                    (no boots)
Stlth  ..........               (no amulet)
                                (no ring)
                                (no ring)

@: agile, rotting
A: rotting body, claws 1, carnivore 3, cold resistance 1, negative energy
resistance 3, slow regeneration 1, torment resistance, unbreathing
a: Depart the Abyss, Bend Space, Renounce Religion


You were on level 4 of the Dungeon.
You worshipped Lugonu.
Lugonu was pleased with you.
You were not hungry.

You visited 1 branch of the dungeon, and saw 5 of its levels.
You visited the Abyss 1 time.

You collected 272 gold pieces.

Inventory:

Hand Weapons
 a - a +1 hand axe
 f - a +0 flail of protection (weapon)
Armour
 d - a +1 plate armour (worn)
 o - a +0 buckler (worn)
 r - a +2 pair of gloves (worn)
Scrolls
 k - a scroll of enchant weapon {unknown}
 m - 2 scrolls of identify
Potions
 b - a potion of berserk rage {unknown}
 e - a potion of agility
 g - a potion of haste {unknown}
 i - a potion of resistance {unknown}
 j - 2 potions of heal wounds {unknown}
 n - a potion of curing {unknown}
 p - a potion of might {unknown}
Comestibles
 c - 3 meat rations
 h - a beef jerky
 l - a slice of pizza


   Skills:
 + Level 4.4 Fighting
 + Level 2.1(2.7) Axes
 + Level 2.5(2.9) Maces & Flails
 * Level 3.9 Armour
 + Level 1.1 Dodging
 + Level 0.1 Shields
 * Level 3.6 Invocations


You had 5 spell levels left.
You didn't know any spells.

Dungeon Overview and Level Annotations

Branches:
Dungeon (5/15)
 Temple: D:4-7

Altars:
Sif Muna

Annotations:
D:4 Prince Ribbit
D:5 Eustachio


Innate Abilities, Weirdness & Mutations

Your body is rotting away.
You thrive on raw meat.
You are immune to poison.
You have sharp fingernails.
You are carnivorous and can eat meat at any time.
Your flesh is cold resistant. (rC+)
You are immune to negative energy. (rN+++)
You regenerate slowly when monsters are visible.
You are immune to unholy pain and torment.
You can survive without breathing.


Message History

Your shield and plate armour prevent you from hitting Prince Ribbit.
Prince Ribbit is moderately wounded.
Prince Ribbit croaks regally.
Prince Ribbit hits you but does no damage.
You block Prince Ribbit's attack.
You closely miss Prince Ribbit.
Prince Ribbit is moderately wounded.
Prince Ribbit hits you! Prince Ribbit hits you.
You hit Prince Ribbit but do no damage.
Your weapon exudes an aura of protection.
Prince Ribbit is moderately wounded.
Prince Ribbit hits you. Prince Ribbit misses you.
You closely miss Prince Ribbit.
Prince Ribbit is moderately wounded.
Prince Ribbit barely misses you. Prince Ribbit hits you!
* * * LOW HITPOINT WARNING * * *
You closely miss Prince Ribbit.
Prince Ribbit is moderately wounded.
Prince Ribbit hits you!
You die...

#..............###.###.#
#.#..........#.###.# #.#
..#..........#..##.# #.#
.............##.##.# #.#
.(........#####.##.# #.#
......###.#####..#.# #.#
......# #.#......#.# #.#
......# #.#.####F#.###.#
......# #.#.# #@......#
......###.#.####...#####
......#...#...(#...#
........######.#...#
...............#.#.##
###....#######......##
#.....# #..........#
#####.# #..........# #.#
#..........#


You could see Prince Ribbit.

Vanquished Creatures
  A hound (D:4)
  An orc wizard (D:3)
  2 centaur skeletons (D:4)
  An iguana (D:4)
  Ijyb (D:3)
  A worker ant (D:4)
  A gnoll (D:1)
  8 adders
  3 oozes
  2 worms
  2 dart slugs
  2 leopard geckos
  7 orcs
  4 giant cockroaches
  6 hobgoblins
  4 jackals
  5 kobolds
  3 ball pythons
  7 bats
  6 frilled lizards
  9 goblins
  2 jackal skeletons
  A leopard gecko skeleton (D:5)
  9 rats
88 creatures vanquished.

Notes
Turn   | Place    | Note
-------+----------+-------------------------------------------
     0 | Abyss:1  | Gargoyl the Ghoul Abyssal Knight began the quest for the Orb.
     0 | Abyss:1  | Reached XP level 1. HP: 19/19 MP: 1/1
    38 | Abyss:2  | Found a corrupted altar of Lugonu.
    49 | Abyss:2  | Noticed a neqoxec
    59 | Abyss:2  | Noticed an apocalypse crab
    59 | Abyss:2  | Noticed a quasit
    60 | D:1      | Escaped the Abyss
   303 | D:1      | Reached * piety under Lugonu
   327 | D:1      | Reached XP level 2. HP: 26/27 MP: 2/2
   483 | D:1      | Reached skill level 4 in Fighting
   621 | D:1      | Reached skill level 1 in Dodging
   621 | D:1      | Reached XP level 3. HP: 32/33 MP: 3/3
  1175 | D:2      | Reached XP level 4. HP: 38/40 MP: 4/4
  1270 | D:2      | Reached skill level 1 in Maces & Flails
  1481 | D:2      | Reached ** piety under Lugonu
  1805 | D:3      | Reached XP level 5. HP: 44/46 MP: 6/6
  2275 | D:3      | Noticed Ijyb
  2307 | D:3      | Killed Ijyb
  2482 | D:3      | Found a deep blue altar of Sif Muna.
  2532 | D:4      | Reached XP level 6. HP: 51/52 MP: 7/7
  3350 | D:5      | Entered Level 5 of the Dungeon
  3350 | D:5      | Noticed Eustachio
  3353 | D:5      | Noticed Prince Ribbit
  3395 | D:4      | Slain by Prince Ribbit

Skill      XL: |  1  2  3  4  5 |
---------------+----------------+-----
Fighting       | 4 |  4.4
Armour         | 2 3 |  3.9
Dodging        | 1 |  1.1
Axes           | 2 |  2.1
Maces & Flails | 1 2 |  2.5
Invocations    | 3 |  3.6
Shields        | |  0.1

Action                   |  1- 3 |  4- 6 || total
-------------------------+-------+-------++-------
Melee: Hand axe          |    66 |       ||    66
       Flail             |   113 |   381 ||   494
Throw: Tomahawk          |       |     3 ||     3
Invok: Depart the Abyss  |     1 |       ||     1
  Use: Potion            |     1 |     1 ||     2
       Scroll            |     5 |     1 ||     6
  Eat: Chunk             |    17 |    27 ||    44
Armor: Plate armour      |   190 |   403 ||   593
Dodge: Dodged            |    52 |   117 ||   169
Block: Buckler           |       |    18 ||    18
